 Dungeon Crawl Stone Soup version 0.29.0-11-gd7f09526c8 (webtiles) character file.

Game seed: 8312777241717069463

176 ImASeal the Magician (level 5, -1/37 HPs)
             Began as a Djinni Fire Elementalist on Sept 5, 2022.
             Slain by a troll (10 damage)
             ... on level 6 of the Dungeon.
             The game lasted 00:07:12 (3554 turns).

ImASeal the Magician (Djinni Fire Elementalist)     Turns: 3554, Time: 00:07:15

Health: -1/37      AC:  2    Str:  7    XL:     5   Next: 86%
Gold:   58         EV: 12    Int: 18    God:
                   SH:  0    Dex: 14

rFire   + + .      SeeInvis .   b - +0 dagger
rCold   x . .      Faith    .   (no shield)
rNeg    . . .      Spirit   .   a - +0 robe
rPois   ∞          Reflect  .   (no helmet)
rElec   .          Harm     .   (no cloak)
rCorr   .          Rampage  .   (no gloves)
Will    .....                   (boots unavailable)
Stlth   ++........              (no amulet)
HPRegen 0.12/turn               (no ring)
MPRegen 0.00/turn               (no ring)

@: flying
A: sickness immunity, fire resistance 2, cold vulnerability 1, float, innate
caster, HP casting, extra vitality 1
a: no special abilities


You were on level 6 of the Dungeon.
You visited 1 branch of the dungeon, and saw 5 of its levels.

You collected 91 gold pieces.
You spent 33 gold pieces at shops.

Inventory:

Hand Weapons
 b - a +0 dagger (weapon)
Missiles
 k - 6 poisoned darts
Armour
 a - a +0 robe (worn)
 j - a +0 scale mail of fire resistance
Scrolls
 e - 2 scrolls of immolation {unknown}
 h - a scroll of teleportation {unknown}
 n - a scroll of noise
 o - a scroll of identify
 r - a scroll of silence {unknown}
 s - a scroll of enchant weapon {unknown}
Potions
 c - 3 potions of mutation {unknown}
 d - 3 potions of brilliance {unknown}
 f - 3 potions of curing {unknown}
 g - a potion of degeneration {unknown}
 i - 2 potions of flight {unknown}
 l - a potion of lignification {unknown}
 m - a potion of magic {unknown}
 p - 2 potions of haste {unknown}
 q - a potion of heal wounds {unknown}


   Skills:
 + Level 1.1 Fighting
 - Level 2.2 Dodging
 - Level 1.5 Stealth
 + Level 4.5 Spellcasting


You couldn't memorise any spells.
You knew the following spells:

 Your Spells              Type           Power      Damage    Failure   Level
a - Foxfire               Conj/Fire      80%        2x1d8     2%          1
b - Scorch                Fire           40%        2d7       3%          2
c - Conjure Flame         Conj/Fire      20%        6-21      6%          3
d - Inner Flame           Hex/Fire       20%        N/A       6%          3
e - Flame Wave            Conj/Fire      20%        2d7       22%         4
f - Summon Small Mammal   Summ           80%        N/A       2%          1
g - Passwall              Tmut/Erth      16%        N/A       3%          2
Your spell library was empty.

Dungeon Overview and Level Annotations

Branches:
Dungeon (6/15)
 Temple: D:4-7

Altars:
Makhleb

Shops:
D:1 !   D:3 !?(:


Innate Abilities, Weirdness & Mutations

You are immune to sickness and miasma.
You are immune to poison.
Your flesh is very heat resistant. (rF++)
You are vulnerable to cold. (rC-)
You float through the air rather than walking.
You learn spells naturally, not from books.
Your magical power is your life essence.
You have superior vitality. (+4 MHP)


Message History

The adder is heavily wounded.
Casting: Foxfire (safe; 2% risk of failure)
Confirm with . or Enter, or press ? or * to list all spells.
You conjure some foxfire!
The foxfire hits the adder!
You kill the adder!
Your foxfire dissipates! x2
Your foxfire dissipates! x2
You reach down and open the door.
There is an open door here.
You reach down and open the door.
There is an open door here.
A troll comes into view.
Found a burning altar of Makhleb.
Casting: Foxfire (safe; 2% risk of failure)
Confirm with . or Enter, or press ? or * to list all spells.
Okay, then.
Casting: Foxfire (safe; 2% risk of failure)
Confirm with . or Enter, or press ? or * to list all spells.
Aiming: Inner Flame (dangerous; 6% risk of failure)
Press: ? - help, Dir - move target, f - troll
Aim: a troll (asleep, chance to affect: 75%)
The troll struggles to resist.
Casting: Inner Flame (dangerous; 6% risk of failure)
Confirm with . or Enter, or press ? or * to list all spells.
Flames lash the troll.
The troll is lightly wounded.
The troll's fire resistance burns away.
Casting: Scorch (safe; 3% risk of failure)
Confirm with . or Enter, or press ? or * to list all spells.
Flames lash the troll.
The troll is lightly wounded.
The troll bites you! The troll completely misses you. The troll claws you!
* * * LOW HITPOINT WARNING * * *
Casting: Scorch (safe; 3% risk of failure)
Confirm with . or Enter, or press ? or * to list all spells.
Flames lash the troll.
The troll is burned terribly!
The troll is heavily wounded.
* * * LOW HITPOINT WARNING * * *
The troll closely misses you. The troll claws you!
You die...

#.#...###.####.#.#
#.#...# #.# #...#
#.##### #.########
#.# #......... #.#
########## #.# #.#
#.#######
#@.......
...._.T########
#..#.#. .. .. ##
##. ##


You could see a troll (combustible).

Vanquished Creatures
  Terence (D:2)
  An orc wizard (D:3)
  7 adders
  A dart slug (D:3)
  4 orcs (D:3)
  7 ball pythons
  4 endoplasms
  5 giant cockroaches
  7 goblins
  2 hobgoblins
  2 quokkas
  4 bats
  A frilled lizard (D:1)
  6 kobolds
  6 rats
58 creatures vanquished.

Vanquished Creatures (others)
  128 foxfires
128 creatures vanquished.

Grand Total: 186 creatures vanquished

Notes
Turn   | Place    | Note
-------+----------+-------------------------------------------
     0 | D:1      | ImASeal the Djinni Fire Elementalist began the quest for
                  | the Orb.
     0 | D:1      | ImASeal set off with the following spells memorised:
                  | Foxfire, Scorch, Conjure Flame, Inner Flame, Flame Wave.
     0 | D:1      | Reached XP level 1. HP: 15/15 MP: 0/0
   289 | D:1      | Reached XP level 2. HP: 20/21 MP: 0/0
   322 | D:1      | Found Qyang's Distillery.
   456 | D:1      | Reached skill level 3 in Spellcasting
   936 | D:1      | Reached XP level 3. HP: 22/25 MP: 0/0
   936 | D:1      | Learned a level 1 spell: Summon Small Mammal
  1310 | D:2      | Noticed Terence
  1321 | D:2      | Killed Terence
  1322 | D:2      | Reached XP level 4. HP: 2/31 MP: 0/0
  1905 | D:2      | Reached skill level 4 in Spellcasting
  2104 | D:2      | Reached XP level 5. HP: 29/36 MP: 0/0
  2104 | D:2      | Learned a level 2 spell: Passwall
  2497 | D:2      | Found a faded altar of an unknown god.
  2606 | D:3      | Found Jixiaxuxe's Magic Scroll Shop.
  2610 | D:3      | Bought a scroll of noise for 11 gold pieces
  2610 | D:3      | Bought a scroll of identify for 22 gold pieces
  2652 | D:3      | Found Canaxuuf's Book Emporium.
  2670 | D:3      | Found Olotaza's Weapon Emporium.
  2829 | D:3      | Found Luusoul's Distillery.
  2874 | D:3      | Reached skill level 1 in Fighting
  3207 | D:3      | You are sucked into a shaft and drop 3 floors!
  3261 | D:5      | Entered Level 5 of the Dungeon
  3276 | D:5      | Noticed an ice beast
  3550 | D:6      | Found a burning altar of Makhleb.
  3550 | D:6      | Noticed a troll
  3554 | D:6      | Slain by a troll

Illustrated notes

Levels and vault maps discovered:
D:1:      nagdon_arrival_double_spiral, layout_rooms, serial_shops, shop
D:2:      layout_rooms, nicolae_ecumenical_pavilion, corexii_leaking_fountain,
          minmay_misc_feat_room, uniq_terence
D:3:      layout_basic, grunt_temple_overflow_magic_moments, demons_altar,
          serial_shops, nicolae_shop_hallway_plus, shop_fountains,
          nicolae_shop_bloodbath_and_beyond, nicolae_shop_advertising_works
          [nicolae_subvault_shop_adworks], shop, hangedman_decor_peaks_small,
          uniq_sigmund
D:5:      layout_basic
D:6:      layout_basic, hangedman_feature_mirror

Skill      XL: |  1  2  3  4  5 |
---------------+----------------+-----
Spellcasting   | 3 4 |  4.5
Fighting       | 1 |  1.1
Dodging        | |  2.2
Stealth        | |  1.5

Action                   |  1- 3 |  4- 6 || total
-------------------------+-------+-------++-------
Melee: Dagger            |    47 |    35 ||    82
 Cast: Foxfire           |    30 |    49 ||    79
       Scorch            |     6 |    16 ||    22
       Inner Flame       |       |     1 ||     1
 Stab: Sleeping          |     2 |     1 ||     3
Armor: Robe              |    13 |     2 ||    15
       Scale mail        |       |    15 ||    15
Dodge: Dodged            |    36 |    24 ||    60
